 Dungeon Crawl Stone Soup version 0.23-a0-767-gdc19b93d68 (webtiles) character file.

70 Armakuni the Conjurer (level 4, -5/30 HPs)
             Began as a Human Fire Elementalist on Jan 23, 2019.
             Slain by a gnoll
             ... wielding a +0 whip
              (7 damage)
             ... on level 3 of the Dungeon.
             The game lasted 00:05:57 (1661 turns).

Armakuni the Conjurer (Human Fire Elementalist)     Turns: 1661, Time: 00:05:57

Health: -5/30      AC:  2    Str:  9    XL:     4   Next: 44%
Magic:  3/7        EV:  6    Int: 16    God:
Gold:   35         SH:  0    Dex: 13    Spells: 2/7 levels left

rFire    + . .     SeeInvis .   a - +0 dagger (speed)
rCold    + . .     Gourm    .   (no shield)
rNeg     . . .     Faith    .   h - +0 robe
rPois    +         Spirit   .   (no helmet)
rElec    +         Reflect  .   (no cloak)
rCorr    +         Harm     .   (no gloves)
MR       .....                  (no boots)
Stlth    ++........             (no amulet)
HPRegen  0.10/turn              (no ring)
MPRegen  0.10/turn              (no ring)

@: resistant, held
A: no striking features
a: no special abilities


You were on level 3 of the Dungeon.
You were not hungry.

You visited 1 branch of the dungeon, and saw 3 of its levels.

You collected 35 gold pieces.

Inventory:

Hand Weapons
 a - a +0 dagger of speed (weapon)
Armour
 h - a +0 robe (worn)
 k - a +0 ring mail
 q - a +0 leather armour
Scrolls
 d - 3 scrolls of enchant weapon {unknown}
 e - a scroll of magic mapping {unknown}
 f - 4 scrolls of teleportation {unknown}
 i - a scroll of amnesia {unknown}
 j - 2 scrolls of enchant armour {unknown}
 m - a scroll of remove curse {unknown}
 p - a scroll of blinking {unknown}
Potions
 g - a potion of degeneration {unknown}
 l - a potion of lignification {unknown}
 n - 2 potions of resistance
 o - a potion of ambrosia {unknown}
Comestibles
 c - 3 rations
 r - 5 chunks of flesh


   Skills:
 - Level 2.0 Dodging
 - Level 2.0 Stealth
 - Level 2.0 Spellcasting
 - Level 3.5 Conjurations
 + Level 3.4 Fire Magic


You had 2 spell levels left.
You knew the following spells:

 Your Spells              Type           Power        Failure   Level  Hunger
s - Sticky Flame          Conj/Fire      ##......     45%         4    #####..
z - Flame Tongue          Conj/Fire      ##...        4%          1    #......

Your spell library contained the following spells:

 Spells                   Type           Power        Failure   Level  Hunger
 Throw Flame              Conj/Fire      ##....       8%          2    ###....
 Conjure Flame            Conj/Fire      ##......     16%         3    ###....
 Inner Flame              Hex/Fire       #.......     30%         3    ###....
 Fireball                 Conj/Fire      ##........   80%         5    ######.


Dungeon Overview and Level Annotations

Branches:
Dungeon (3/15)

Altars:


Message History

You rip the net and break free!
Okay, then.
The gnoll throws a throwing net.
The throwing net hits you.
You become entangled in the net!
You see here a throwing net.
You struggle against the net.
You struggle against the net.
The gnoll closely misses you.
You struggle against the net.
The hobgoblin hits you.
* * * LOW HITPOINT WARNING * * *
It was a potion of curing.
You feel better. The gnoll hits you with a +0 flail!
* * * LOW HITPOINT WARNING * * *
The hobgoblin barely misses you.
It was a potion of resistance.
You feel protected. The gnoll barely misses you. The hobgoblin hits you.
* * * LOW HITPOINT WARNING * * *
The gnoll barely misses you.
You feel protected. The gnoll hits you with a +0 whip!
You die...

.........######รท.......
...#.##..# ###...(..
#..#..# .##..# .
#.#..### .# ##
...###.)....## .#
#.....#..#..##
#####....##..##.
###......... ##@g......
#gg.##.## #.### . #)#
#.# ..# #.# #.# #.#


You could see 2 gnolls and a hobgoblin.

Vanquished Creatures
  A gnoll (D:3)
  3 oozes
  2 dart slugs (D:1)
  2 leopard geckos (D:1)
  An orc (D:3)
  A giant cockroach (D:1)
  6 hobgoblins
  A ball python (D:1)
  5 bats
  A frilled lizard (D:3)
  5 goblins
  8 kobolds
  2 rats
38 creatures vanquished.

Notes
Turn   | Place    | Note
-------+----------+-------------------------------------------
     0 | D:1      | Armakuni the Human Fire Elementalist began the quest for
                  | the Orb.
     0 | D:1      | Reached XP level 1. HP: 13/13 MP: 3/3
    56 | D:1      | Reached XP level 2. HP: 19/19 MP: 1/5
   431 | D:1      | Reached XP level 3. HP: 23/24 MP: 0/6
  1389 | D:2      | You fall through a shaft!
  1395 | D:3      | Reached XP level 4. HP: 26/30 MP: 2/7
  1401 | D:3      | Learned a level 4 spell: Sticky Flame
  1661 | D:3      | Slain by a gnoll

Vault maps used:
D:1:      wander_arrival_lonely_grave, grunt_decor_arrowhead
D:2:      lemuel_doored_altar, chequers_ecumenical_altar_simple_redux,
          first_ration, minmay_hedge_maze
D:3:      grunt_gozag_statues, chequers_serial_rivers_micro_b

Skill      XL: |  1  2  3 |
---------------+----------+-----
Conjurations   | 2 3 |  3.5
Dodging        | |  2.0
Stealth        | |  2.0
Spellcasting   | |  2.0
Fire Magic     | |  3.4

Action                   |  1- 3 |  4- 6 || total
-------------------------+-------+-------++-------
Melee: Unarmed           |     5 |       ||     5
 Cast: Flame Tongue      |    60 |    19 ||    79
  Use: Potion            |       |     3 ||     3
  Eat: Chunk             |     2 |       ||     2
       Ration            |       |     1 ||     1
Armor: Robe              |    10 |     2 ||    12
Dodge: Dodged            |    27 |    11 ||    38

Table legend:
 A = Non-vault XP
 B = Vault XP
 C = Vault XP percentage of total XP
 D = Non-vault monster count
 E = Vault monster count
 F = Vault count percentage of total count
                 A         B        C        D         E       F
            +---------+---------+-------+---------+---------+-------
      Total |     100 |       0 |   0.0 |      38 |       0 |   0.0
            +---------+---------+-------+---------+---------+-------
        D:1 |      58 |       0 |   0.0 |      24 |       0 |   0.0
        D:2 |       9 |       0 |   0.0 |       6 |       0 |   0.0
        D:3 |      33 |       0 |   0.0 |       8 |       0 |   0.0
            +---------+---------+-------+---------+---------+-------
